 Dungeon Crawl Stone Soup version 0.28.0-43-g3370ac3207 (webtiles) character file.

Game seed: 10423010596256443457

9999 Jerry the Grappler (level 11, -2/83 (92) HPs)
             Began as a Troll Hunter on Mar 28, 2022.
             Was an Initiate of Gozag.
             Slain by an unseen horror (9 damage)
             ... on level 2 of the Abyss.
             The game lasted 00:39:03 (7416 turns).

Jerry the Grappler (Troll Hunter)                   Turns: 7416, Time: 00:39:03

HP:   -2/83 (92)    AC: 10    Str: 22    XL:     11   Next: 30%
MP:   10/10         EV: 11    Int: 11    God:    Gozag
Gold: 1239          SH:  0    Dex: 10    Spells: 10/10 levels left

rFire   . . .      SeeInvis +     - Unarmed
rCold   . . .      Faith    .   (no shield)
rNeg    . . .      Spirit   .   l - +0 steam dragon scales
rPois   .          Reflect  .   B - +2 hat {SInv}
rElec   .          Harm     .   (no cloak)
rCorr   .          Rampage  .   (gloves unavailable)
Will    .....                   (boots unavailable)
Stlth   +.........              (no amulet)
HPRegen 1.03/turn               s - +4 ring of slaying
MPRegen 0.12/turn               (no ring)

@: wreathed by umbra, drained
A: large, unfitting armour, claws 3, regeneration 1, shaggy fur 1, tough skin 1
a: Renounce Religion, Potion Petition, Call Merchant, Bribe Branch


You were on level 2 of the Abyss.
You worshipped Gozag.
Gozag was most pleased with you.
You visited 3 branches of the dungeon, and saw 11 of its levels.
You visited the Abyss 1 time.

You collected 1298 gold pieces.
You paid 59 gold pieces to Gozag.

Inventory:

Hand Weapons
 n - a +3 mace of draining
 r - a +3 morningstar of freezing
 z - a +0 vorpal giant spiked club
Missiles
 c - 3 large rocks (quivered)
 d - 4 throwing nets
Armour
 l - +0 steam dragon scales (worn)
 m - a +2 robe of cold resistance
 B - a +2 hat of see invisible (worn)
 D - +0 fire dragon scales
Jewellery
 s - a +4 ring of slaying (left claw)
Wands
 e - a wand of digging (2)
 j - a wand of flame (24)
 y - a wand of charming (7)
 C - a wand of polymorph (6)
Scrolls
 a - 2 scrolls of identify
 p - 2 scrolls of immolation
 q - a scroll of amnesia
Potions
 b - 5 potions of curing
 g - a potion of ambrosia
 h - 5 potions of flight
 i - 2 potions of lignification {unknown}
 t - 3 potions of haste {unknown}
 u - 2 potions of heal wounds {unknown}
 v - 3 potions of brilliance {unknown}
Miscellaneous
 A - a lightning rod (4/4)


   Skills:
 - Level 1.5 Fighting
 + Level 9.0 Throwing
 + Level 4.5 Armour
 - Level 5.9 Dodging
 - Level 0.3 Stealth
 * Level 12.6 Unarmed Combat


You had 10 spell levels left.
You didn't know any spells.
Your spell library contained the following spells:

 Spells                   Type           Power      Damage    Failure   Level
 Blink                    Tloc           0%         N/A       47%         2
 Ensorcelled Hibernation  Hex/Ice        0%         N/A       47%         2
 Passwall                 Tmut/Erth      0%         N/A       47%         2
 Lesser Beckoning         Tloc           0%         N/A       71%         3
 Portal Projectile        Hex/Tloc       0%         N/A       71%         3
 Swiftness                Air            0%         N/A       71%         3
 Passage of Golubria      Tloc           0%         N/A       98%         4
 Blade Hands              Tmut           0%         N/A       100%        5
 Excruciating Wounds      Necr           0%         N/A       100%        5
 Manifold Assault         Tloc           0%         N/A       100%        5
 Silence                  Hex/Air        0%         N/A       100%        5
 Lehudib's Crystal Spear  Conj/Erth      0%         10d2      100%        8


Dungeon Overview and Level Annotations

Branches:
Dungeon (9/15)             Temple (1/1) D:5            Lair (1/6) D:9
    Orc (0/2) D:9

Altars:
Ashenzari
Cheibriados
Dithmenos
Gozag
Nemelex Xobeh
Okawaru
Qazlal
Sif Muna
Trog
Uskayaw
Wu Jian
Zin

Annotations:
D:7 2 transporters, Descartes's ghost, novice TrCK
Lair:1 Sonja


Innate Abilities, Weirdness & Mutations

You are too large for most types of armour.
You have claws for hands.
Your natural rate of healing is unusually fast.
You are covered in fur. (AC +1)
You have tough skin. (AC +1)


Message History

The profane servitor hits you with a +2 whip!
The profane servitor draws strength from your injuries!
The profane servitor hits you with a +2 whip.
You feel drained. The efreet completely misses you. The efreet gestures at you.
The bolt of fire hits you!!
The profane servitor hits you with a +2 whip!
* * * LOW HITPOINT WARNING * * *
The profane servitor draws strength from your injuries!
The profane servitor hits you with a +2 whip.
* * * LOW HITPOINT WARNING * * *
The profane servitor hits you with a +2 whip.
* * * LOW HITPOINT WARNING * * *
The profane servitor draws strength from your injuries!
The profane servitor closely misses you.
The profane servitor hits you with a +2 whip.
* * * LOW HITPOINT WARNING * * *
The profane servitor draws strength from your injuries!
The profane servitor barely misses you.
The unseen horror is engulfed in blazing flames.
The efreet gestures at you. The bolt of fire misses you.
The profane servitor hits you with a +2 whip!
* * * LOW HITPOINT WARNING * * *
The profane servitor draws strength from your injuries!
The profane servitor misses you.
Okay, then.
Okay, then.
The unseen horror is engulfed in blazing flames. x2
The unseen horror misses you.
The unseen horror hits you but does no damage.
The profane servitor hits you but does no damage.
The profane servitor hits you with a +2 whip.
* * * LOW HITPOINT WARNING * * *
You feel drained.
* * * LOW HITPOINT WARNING * * *
The profane servitor hits you but does no damage. x2
The unseen horror hits you!
You die...
Your body crumbles into a pile of gold.

.######...##.##..##
#..#### .## #○## #
..# #°# # .## #R#
#○..# ##.## #○.# #
#.A.# #○.# ##.##x##
○ . #...@#.# ###○#.
##.##### ○#..# # ..
##


You could see a profane servitor, an efreet and an unseen horror (invisible).

Vanquished Creatures
  Gastronok (D:8)
  Harold (Lair:1)
  A boulder beetle (Lair:1)
  2 two-headed ogres
  A sixfirhy (Abyss:2)
  A cyclops (D:9)
  A worldbinder (Abyss:2)
  Maggie (D:7)
  A tormentor (Abyss:2)
  A komodo dragon (Lair:1)
  A large abomination (Abyss:2)
  Grinder (D:4)
  3 flying skulls (Abyss:2)
  A small abomination (Abyss:2)
  A neqoxec (Abyss:2)
  A wyvern (D:8)
  3 steam dragons
  Menkaure (D:4)
  An acid dragon (D:8)
  A sky beast (D:7)
  4 orc warriors
  4 black bears
  4 necrophages
  3 centaurs
  3 kobold brigands
  2 bullfrogs
  2 scorpions (D:5)
  2 water moccasin skeletons
  19 killer bees
  17 wights
  A howler monkey (D:3)
  2 centaur zombies (D:5)
  2 jellies
  3 hounds
  8 orc priests
  2 centaur skeletons
  2 bullfrog skeletons
  Jessica (D:2)
  2 iguanas
  Natasha (thrice) (D:4)
  12 orc wizards
  2 hound skeletons (D:5)
  A howler monkey zombie (D:9)
  Robin (D:2)
  15 adders
  A howler monkey skeleton (D:5)
  2 white imps
  2 worms (D:3)
  5 dart slugs
  31 orcs
  2 ball pythons
  6 endoplasms
  4 giant cockroaches
  12 goblins
  6 hobgoblins
  2 jackals (D:1)
  18 kobolds
  5 quokkas
  2 bats
  4 frilled lizards
  4 rats
248 creatures vanquished.

Vanquished Creatures (others)
  5 fungi
  10 plants
  6 starspawn tentacles (Abyss:2)
21 creatures vanquished.

Grand Total: 269 creatures vanquished

Notes
Turn   | Place    | Note
-------+----------+-------------------------------------------
     0 | D:1      | Jerry the Troll Hunter began the quest for the Orb.
     0 | D:1      | Reached XP level 1. HP: 19/19 MP: 0/0
    64 | D:1      | Reached skill level 1 in Unarmed Combat
   107 | D:1      | Reached XP level 2. HP: 27/27 MP: 1/1
   285 | D:1      | Reached XP level 3. HP: 30/33 MP: 2/2
   450 | D:2      | Reached skill level 2 in Unarmed Combat
   538 | D:2      | Found a faded altar of an unknown god.
   600 | D:2      | Noticed Jessica
   602 | D:2      | Killed Jessica
   603 | D:2      | Reached XP level 4. HP: 41/41 MP: 3/3
   640 | D:2      | Found a shimmering blue altar of Sif Muna.
   800 | D:2      | Noticed Robin
   832 | D:2      | Reached skill level 3 in Unarmed Combat
   892 | D:2      | Killed Robin
  1154 | D:3      | Reached XP level 5. HP: 48/48 MP: 4/4
  1322 | D:3      | Reached skill level 4 in Unarmed Combat
  1322 | D:3      | Reached XP level 6. HP: 55/55 MP: 5/5
  1779 | D:4      | Noticed Grinder
  1781 | D:4      | Killed Grinder
  1782 | D:4      | Reached skill level 5 in Throwing
  1782 | D:4      | Reached skill level 5 in Unarmed Combat
  1782 | D:4      | Reached XP level 7. HP: 62/62 MP: 6/6
  1794 | D:4      | Noticed Menkaure
  1844 | D:4      | Killed Menkaure
  1845 | D:4      | Reached skill level 6 in Unarmed Combat
  1951 | D:4      | Reached XP level 8. HP: 68/70 MP: 7/7
  2109 | D:4      | Noticed Natasha
  2110 | D:4      | Killed Natasha
  2131 | D:4      | Noticed Natasha
  2139 | D:4      | Killed Natasha
  2270 | D:4      | Noticed Natasha
  2273 | D:4      | Killed Natasha
  2352 | D:5      | Entered Level 5 of the Dungeon
  2354 | D:5      | Found a staircase to the Ecumenical Temple.
  2367 | D:5      | Reached skill level 7 in Unarmed Combat
  2384 | Temple   | Entered the Ecumenical Temple
  2423 | Temple   | Became a worshipper of Gozag Ym Sagoz the Greedy
  2651 | D:5      | Reached skill level 8 in Unarmed Combat
  2660 | D:5      | Reached skill level 5 in Dodging
  2982 | D:5      | Reached XP level 9. HP: 76/76 MP: 8/8
  3156 | D:6      | Reached skill level 9 in Unarmed Combat
  3712 | D:7      | Noticed Maggie
  3723 | D:7      | Killed Maggie
  3851 | D:7      | Reached skill level 10 in Unarmed Combat
  4147 | D:7      | Reached skill level 1 in Armour
  4154 | D:7      | Reached XP level 10. HP: 73/85 MP: 9/9
  4176 | D:7      | Noticed a two-headed ogre
  4177 | D:7      | Noticed a moth of wrath
  4178 | D:7      | Found a bloodstained altar of Trog.
  4178 | D:7      | Noticed Descartes's ghost (novice TrCK)
  4217 | D:7      | Found a transporter.
  4220 | D:7      | Found a transporter.
  5492 | D:8      | Noticed a two-headed ogre
  5529 | D:7      | Killed a two-headed ogre
  5530 | D:7      | Reached skill level 11 in Unarmed Combat
  5605 | D:8      | Noticed Gastronok
  5621 | D:8      | Killed Gastronok
  5948 | D:9      | Identified the +1 chain mail "Misativ" {*Slow rN+++ Will+
                  | Dex+3}
  5967 | D:9      | Found a staircase to the Lair.
  5994 | D:9      | Noticed a cyclops
  5998 | D:9      | Killed a cyclops
  6113 | D:9      | Found a staircase to the Orcish Mines.
  6235 | D:9      | Reached skill level 12 in Unarmed Combat
  6288 | D:9      | Reached XP level 11. HP: 56/92 MP: 10/10
  6632 | D:9      | Noticed a two-headed ogre
  6636 | D:9      | Killed a two-headed ogre
  6812 | Lair:1   | Entered Level 1 of the Lair of Beasts
  6827 | Lair:1   | Noticed a boulder beetle
  6841 | Lair:1   | Killed a boulder beetle
  6844 | Lair:1   | Found a hide-covered altar of Uskayaw.
  6844 | Lair:1   | Found an ornate altar of the Wu Jian Council.
  6887 | Lair:1   | Noticed Harold
  6896 | Lair:1   | Killed Harold
  6964 | Lair:1   | Noticed Sonja
  6968 | Lair:1   | Cast into level 2 of the Abyss (Sonja)
  7001 | Abyss:2  | Noticed a sixfirhy
  7009 | Abyss:2  | Killed a sixfirhy
  7044 | Abyss:2  | Noticed a large abomination
  7115 | Abyss:2  | Noticed a wretched star
  7147 | Abyss:2  | Noticed a mana viper
  7232 | Abyss:2  | Noticed a tentacled monstrosity
  7238 | Abyss:2  | Noticed a tentacled starspawn
  7254 | Abyss:2  | Noticed a white draconian
  7387 | Abyss:2  | Noticed a profane servitor
  7413 | Abyss:2  | HP: 4/83 [profane servitor/+2 whip (1)]
  7416 | Abyss:2  | Slain by an unseen horror

Illustrated notes

Levels and vault maps discovered:
D:1:      eino_arrival_druids_welcome, layout_rooms
D:2:      layout_rooms, basic_altar, shapermc_ecumenical_altar_flowoftime,
          minivault_27, serial_bayou_lake_a, uniq_jessica, uniq_robin
D:3:      layout_rooms
D:4:      layout_cave_pools, grunt_ministairs_9, uniq_natasha, uniq_menkaure,
          uniq_grinder
D:5:      layout_gridville, minmay_temple_entry_grid, minmay_fountain_box,
          bh_walls_and_bars
D:6:      layout_rooms
D:7:      kennysheep_steamy, layout_layer_cave,
          gammafunk_ghost_wrathful_warriors, uniq_maggie
D:8:      layout_rooms, nrook_uturn, uniq_gastronok
D:9:      layout_small_grid, lair_entry_dummy, orc_0_dummy
Temple:   nicolae_temple_the_god_donut
Lair:1:   layout_loops_ring, nzn_masters_of_martial_movement, uniq_harold,
          uniq_sonja
Abyss:2:  base: Lair:1, gammafunk_corrupted_shrine, hangedman_summoners_spam

Skill      XL: |  1  2  3  4  5  6  7  8  9 10 11 |
---------------+----------------------------------+-----
Unarmed Combat | 1 2 3 4 5 6 8 10 12 | 12.6
Dodging        | 2 3 4 5 |  5.9
Throwing       | 4 5 6 7 8 9 |  9.0
Armour         | 1 3 4 |  4.5
Fighting       | |  1.5
Stealth        | |  0.3

Action                   |  1- 3 |  4- 6 |  7- 9 | 10-12 || total
-------------------------+-------+-------+-------+-------++-------
Melee: Unarmed           |    94 |   148 |   266 |   247 ||   755
       Punch             |     2 |     5 |    13 |    14 ||    34
Throw: Large rock        |     2 |     2 |    13 |    15 ||    32
       Throwing net      |       |       |     1 |       ||     1
  Use: Scroll            |       |       |    13 |     4 ||    17
 Stab: Sleeping          |     1 |     1 |       |       ||     2
       Distracted        |       |       |       |     1 ||     1
Armor: Robe              |    34 |    50 |    74 |       ||   158
       Steam dragon scal |       |       |    23 |    73 ||    96
Dodge: Dodged            |    37 |    62 |   149 |   131 ||   379
